BSA
NASHVILLE G-STRINGS @ GREENVILLE 84S
07/07/2028
 
TOP OF THE 1ST
Nashville G-Strings batting - Pitching for Greenville 84s : LHP Dwight Livingston
Pitching: LHP Dwight Livingston
Batting: RHB Javier Deleón 0-0: Fly out, F7 (Flyball, 7D)
Batting: SHB Martín Medina 0-0: Ball
1-0: Bunted foul
1-1: Ball
2-1: Swinging Strike
2-2: Ball
3-2: Foul Ball, location: 2F
3-2: Foul Ball, location: 2F
3-2: Base on Balls
Batting: RHB Sergio Márquez 0-0: Foul Ball, location: 2F
0-1: Called Strike
0-2: Ball
1-2: Ball
2-2: Strikes out swinging
Batting: LHB George Smith 0-0: Called Strike
0-1: Ball
1-1: Ball
2-1: Foul Ball, location: 2F
2-2: Foul Ball, location: 2F
2-2: Strikes out swinging
Top of the 1st over - 0 run(s), 0 hit(s), 0 error(s), 1 left on base; Nashville 0 - Greenville 0
BOTTOM OF THE 1ST
Greenville 84s batting - Pitching for Nashville G-Strings : LHP Matt Parker
Pitching: LHP Matt Parker
Batting: RHB Patrick Potts 0-0: SOLO HOME RUN (Flyball, 7D), Distance : 363 ft
Batting: LHB Paco Rosas 0-0: Called Strike
0-1: Ball
1-1: Ball
2-1: Ground out U3 (Groundball, 34S)
Batting: RHB Enzo Díaz 0-0: Called Strike
0-1: Ball
1-1: Ball
2-1: Ball
3-1: Called Strike
3-2: Foul Ball, location: 2F
3-2: Fly out, F5 (Popup, 5S)
Batting: RHB Vic Langlois 0-0: Ball
1-0: SINGLE (Flyball, 9LS)
Batting: LHB Brock Larsen 0-0: Called Strike
0-1: Fly out, F8 (Flyball, 8RM)
Bottom of the 1st over - 1 run(s), 2 hit(s), 0 error(s), 1 left on base; Nashville 0 - Greenville 1
TOP OF THE 2ND
Nashville G-Strings batting - Pitching for Greenville 84s : LHP Dwight Livingston
Batting: RHB Vicente Aguirre 0-0: Ball
1-0: Ground out 6-3 (Groundball, 56)
Batting: RHB António Ortega 0-0: Ball
1-0: Swinging Strike
1-1: SINGLE (Flyball, 8LS)
Batting: SHB Rob Grun 0-0: Ground out 5-3 (Groundball, 56S)
António Ortega to second
Batting: RHB Greg King 0-0: Ball
1-0: SINGLE (Groundball, 6MD)
António Ortega to third
Runner from 3rd tries for Home, SAFE, no throw
Batting: RHB Will Brown 0-0: Called Strike
0-1: Swinging Strike
0-2: Ball
1-2: Strikes out looking
Top of the 2nd over - 1 run(s), 2 hit(s), 0 error(s), 1 left on base; Nashville 1 - Greenville 1
BOTTOM OF THE 2ND
Greenville 84s batting - Pitching for Nashville G-Strings : LHP Matt Parker
Batting: LHB Jimmy Vickers 0-0: Ball
1-0: Ground out 4-3 (Groundball, 4)
Batting: LHB Chris Moore 0-0: Ball
1-0: Ball
2-0: Foul Ball, location: 2F
2-1: Foul Ball, location: 2F
2-2: Strikes out swinging
Batting: LHB Robert Moore 0-0: Ball
1-0: Fly out, F9 (Flyball, 9LM)
Bottom of the 2nd over - 0 run(s), 0 hit(s), 0 error(s), 0 left on base; Nashville 1 - Greenville 1
TOP OF THE 3RD
Nashville G-Strings batting - Pitching for Greenville 84s : LHP Dwight Livingston
Batting: RHB Javier Deleón 0-0: Called Strike
0-1: Foul Ball, location: 2F
0-2: Ball
1-2: Foul Ball, location: 2F
1-2: Strikes out swinging
Batting: SHB Martín Medina 0-0: Ball
1-0: Ball
2-0: Foul Ball, location: 2F
2-1: Ground out 5-3 (Groundball, 5S)
Batting: RHB Sergio Márquez 0-0: Ball
1-0: Called Strike
1-1: Ball
2-1: Swinging Strike
2-2: Foul Ball, location: 2F
2-2: Ball
3-2: Foul Ball, location: 2F
3-2: Foul Ball, location: 2F
3-2: SINGLE (Flyball, 78S)
Batting: LHB George Smith 0-0: Swinging Strike
0-1: Ball
1-1: Ball
2-1: Swinging Strike
2-2: Foul Ball, location: 2F
2-2: Strikes out swinging
Top of the 3rd over - 0 run(s), 1 hit(s), 0 error(s), 1 left on base; Nashville 1 - Greenville 1
BOTTOM OF THE 3RD
Greenville 84s batting - Pitching for Nashville G-Strings : LHP Matt Parker
Batting: LHB José Costa 0-0: Called Strike
0-1: Fly out, F8 (Flyball, 78D)
Batting: RHB Patrick Potts 0-0: Foul Ball, location: 2F
0-1: Ball
1-1: Ball
2-1: SINGLE (Groundball, 3D)
Batting: LHB Paco Rosas 0-0: Ball
Patrick Potts is caught stealing 2nd base
1-0: Foul Ball, location: 2F
1-1: Ball
2-1: Ball
3-1: Ground out U3 (Groundball, 34S)
Bottom of the 3rd over - 0 run(s), 1 hit(s), 0 error(s), 0 left on base; Nashville 1 - Greenville 1
TOP OF THE 4TH
Nashville G-Strings batting - Pitching for Greenville 84s : LHP Dwight Livingston
Batting: RHB Vicente Aguirre 0-0: Swinging Strike
0-1: Ground out 6-3 (Groundball, 6)
Batting: RHB António Ortega 0-0: Called Strike
0-1: Ball
1-1: Foul Ball, location: 2F
1-2: Foul Ball, location: 2F
1-2: Ball
2-2: Ball
3-2: Base on Balls
Batting: SHB Rob Grun 0-0: Ball
1-0: Ball
2-0: Ball
3-0: Base on Balls
António Ortega to second
Batting: RHB Greg King 0-0: Ball
1-0: Called Strike
1-1: Ball
2-1: Foul Ball, location: 2F
2-2: Ball
3-2: Base on Balls
António Ortega to third
Rob Grun to second
Batting: RHB Will Brown 0-0: Fly out, F4 (Line Drive, 4)
Batting: RHB Javier Deleón 0-0: Ball
1-0: Foul Ball, location: 2F
1-1: Called Strike
1-2: Ball
2-2: Ball
3-2: Fly out, F7 (Flyball, 78M)
Top of the 4th over - 0 run(s), 0 hit(s), 0 error(s), 3 left on base; Nashville 1 - Greenville 1
BOTTOM OF THE 4TH
Greenville 84s batting - Pitching for Nashville G-Strings : LHP Matt Parker
Batting: RHB Enzo Díaz 0-0: Foul Ball, location: 2F
0-1: Ball
1-1: Ball
2-1: Called Strike
2-2: Ball
3-2: Foul Ball, location: 2F
3-2: Base on Balls
Batting: RHB Vic Langlois 0-0: Ball
1-0: Swinging Strike
1-1: Ball
2-1: Swinging Strike
2-2: Strikes out swinging
Batting: LHB Brock Larsen 0-0: Called Strike
0-1: Fielders Choice at 2nd, 6-4 (Groundball, 6M)
Batting: LHB Jimmy Vickers 0-0: Ball
1-0: Foul Ball, location: 2F
Pickoff Throw to First - Out!
Bottom of the 4th over - 0 run(s), 0 hit(s), 0 error(s), 0 left on base; Nashville 1 - Greenville 1
TOP OF THE 5TH
Nashville G-Strings batting - Pitching for Greenville 84s : LHP Dwight Livingston
Batting: SHB Martín Medina 0-0: Swinging Strike
0-1: Bunt for hit - play at first, batter OUT! 2-3
Batting: RHB Sergio Márquez 0-0: Called Strike
0-1: Ball
1-1: Ball
2-1: Foul Ball, location: 2F
2-2: Reached on error, E6 (Groundball, 6)
Batting: LHB George Smith 0-0: Ball
1-0: Called Strike
1-1: DOUBLE (Flyball, 89M)
Sergio Márquez to third
Batting: RHB Vicente Aguirre 0-0: Ball
1-0: Ball
2-0: Called Strike
2-1: SINGLE (Line Drive, 34D)
Sergio Márquez scores
George Smith to third
Batting: RHB António Ortega 0-0: Ball
1-0: Foul Ball, location: 2F
1-1: Foul Ball, location: 2F
1-2: Foul Ball, location: 2F
1-2: Foul Ball, location: 2F
1-2: Ball
2-2: Foul Ball, location: 2F
2-2: Fly out, F9 (Flyball, 9LMF)
Runner from 3rd tags up, SCORES, no throw
Batting: SHB Rob Grun 0-0: Called Strike
0-1: Fly out, F8 (Flyball, 8RM)
Top of the 5th over - 2 run(s), 2 hit(s), 1 error(s), 1 left on base; Nashville 3 - Greenville 1
BOTTOM OF THE 5TH
Greenville 84s batting - Pitching for Nashville G-Strings : LHP Matt Parker
Batting: LHB Jimmy Vickers 0-0: Ball
1-0: Fly out, F7 (Flyball, 7S)
Batting: LHB Chris Moore 0-0: Ball
1-0: Called Strike
1-1: Ball
2-1: Ball
3-1: Foul Ball, location: 2F
3-2: Ground out 6-3 (Groundball, 6)
Batting: LHB Robert Moore 0-0: Ball
1-0: Ball
2-0: Ground out U3 (Groundball, 3)
Bottom of the 5th over - 0 run(s), 0 hit(s), 0 error(s), 0 left on base; Nashville 3 - Greenville 1
TOP OF THE 6TH
Nashville G-Strings batting - Pitching for Greenville 84s : LHP Dwight Livingston
Pitching: RHP Ricardo Trujillo
Batting: RHB Greg King 0-0: Foul Ball, location: 2F
0-1: Ball
1-1: Foul Ball, location: 2F
1-2: Ball
2-2: Ground out 6-3 (Groundball, 6)
Batting: RHB Will Brown 0-0: Foul Ball, location: 2F
0-1: Called Strike
0-2: Ball
1-2: Ball
2-2: Ball
3-2: Base on Balls
Batting: RHB Javier Deleón 0-0: Ball
1-0: Ground out 5-3 (Groundball, 56S)
Will Brown to second
Batting: SHB Martín Medina 0-0: Ball
1-0: Ball
2-0: Called Strike
2-1: Swinging Strike
2-2: Strikes out swinging
Top of the 6th over - 0 run(s), 0 hit(s), 0 error(s), 1 left on base; Nashville 3 - Greenville 1
BOTTOM OF THE 6TH
Greenville 84s batting - Pitching for Nashville G-Strings : LHP Matt Parker
Batting: LHB José Costa 0-0: Ball
1-0: Ball
2-0: Called Strike
2-1: Called Strike
2-2: Ball
3-2: SOLO HOME RUN (Flyball, 9D), Distance : 349 ft
Batting: RHB Patrick Potts 0-0: Swinging Strike
0-1: Fly out, F8 (Flyball, 8RM)
Batting: LHB Paco Rosas 0-0: Called Strike
0-1: SINGLE (Line Drive, 89S)
Batting: RHB Enzo Díaz 0-0: Hit by Pitch
Paco Rosas to second
Batting: RHB Vic Langlois 0-0: Called Strike
0-1: Swinging Strike
0-2: Ball
1-2: Foul Ball, location: 2F
1-2: Strikes out swinging
Batting: LHB Brock Larsen 0-0: Ball
1-0: TRIPLE (Flyball, 89XD)
Paco Rosas scores
Enzo Díaz scores
Batting: LHB Jimmy Vickers 0-0: Foul Ball, location: 2F
0-1: Called Strike
0-2: Foul Ball, location: 2F
0-2: Ground out 4-3 (Groundball, 4)
Bottom of the 6th over - 3 run(s), 3 hit(s), 0 error(s), 1 left on base; Nashville 3 - Greenville 4
TOP OF THE 7TH
Nashville G-Strings batting - Pitching for Greenville 84s : RHP Ricardo Trujillo
Batting: RHB Sergio Márquez 0-0: Ball
1-0: SINGLE (Groundball, 56D)
Batting: LHB George Smith 0-0: Ball
1-0: Foul Ball, location: 2F
1-1: Ball
2-1: Foul Ball, location: 2F
2-2: Foul Ball, location: 2F
2-2: Ball
3-2: Base on Balls
Sergio Márquez to second
Batting: RHB Vicente Aguirre 0-0: Called Strike
0-1: SINGLE (Line Drive, 9LS)
Sergio Márquez to third
George Smith to second
Batting: RHB António Ortega 0-0: Foul Ball, location: 2F
0-1: Foul Ball, location: 2F
0-2: Foul Ball, location: 2F
0-2: Strikes out swinging
Batting: SHB Rob Grun 0-0: Ball
1-0: Grounds into double play, 5-2-3 (Groundball, 56S)
Top of the 7th over - 0 run(s), 2 hit(s), 0 error(s), 2 left on base; Nashville 3 - Greenville 4
BOTTOM OF THE 7TH
Greenville 84s batting - Pitching for Nashville G-Strings : LHP Matt Parker
Batting: LHB Chris Moore 0-0: Called Strike
0-1: Swinging Strike
0-2: Strikes out swinging
Batting: LHB Robert Moore 0-0: Ball
1-0: Ball
2-0: Foul Ball, location: 2F
2-1: Called Strike
2-2: Strikes out swinging
Batting: LHB José Costa 0-0: Ball
1-0: Ball
2-0: SINGLE (Groundball, 6MD)
Batting: RHB Patrick Potts 0-0: Called Strike
0-1: Ball
Pickoff Throw to First - Error! E1
José Costa to second
1-1: SINGLE (Line Drive, 6MD)
José Costa to third
Runner from 3rd tries for Home, SAFE, no throw
Batting: LHB Paco Rosas 0-0: Ball
Patrick Potts is caught stealing 2nd base
Bottom of the 7th over - 1 run(s), 2 hit(s), 1 error(s), 0 left on base; Nashville 3 - Greenville 5
TOP OF THE 8TH
Nashville G-Strings batting - Pitching for Greenville 84s : RHP Ricardo Trujillo
Batting: RHB Greg King 0-0: Ball
1-0: Ball
2-0: Ball
3-0: Base on Balls
Pitching: RHP Kenshin Kubota
Batting: RHB Will Brown 0-0: Ball
1-0: Foul Ball, location: 2F
1-1: Ball
2-1: Foul Ball, location: 2F
2-2: Ground out 4-3 (Groundball, 34)
Greg King to second
Batting: RHB Javier Deleón 0-0: Ball
1-0: Ball
2-0: Called Strike
2-1: Foul Ball, location: 2F
2-2: DOUBLE (Groundball, 5L)
Greg King scores
Batting: SHB Martín Medina 0-0: Ball
1-0: Called Strike
1-1: Swinging Strike
1-2: Strikes out swinging
Batting: RHB Sergio Márquez 0-0: Ball
1-0: Called Strike
1-1: Swinging Strike
1-2: DOUBLE (Line Drive, 8LXD)
Javier Deleón scores
Batting: LHB George Smith 0-0: Fly out, F6 (Popup, 6MD)
Top of the 8th over - 2 run(s), 2 hit(s), 0 error(s), 1 left on base; Nashville 5 - Greenville 5
BOTTOM OF THE 8TH
Greenville 84s batting - Pitching for Nashville G-Strings : LHP Matt Parker
Pitching: RHP Ramiro Rivera
Batting: LHB Paco Rosas 0-0: Fly out, F8 (Line Drive, 8RS)
Batting: RHB Enzo Díaz 0-0: Called Strike
0-1: Foul Ball, location: 2F
0-2: SINGLE (Line Drive, 89M)
Batting: RHB Vic Langlois 0-0: Called Strike
0-1: Ball
1-1: Called Strike
1-2: Strikes out swinging
Pitching: LHP Dave Huot
Batting: LHB Brock Larsen 0-0: Ball
1-0: Ball
2-0: Ball
3-0: 2-RUN HOME RUN (Flyball, 8LXD), Distance : 449 ft
Batting: LHB Jimmy Vickers 0-0: Ball
1-0: Called Strike
1-1: Ball
2-1: Foul Ball, location: 2F
2-2: Strikes out looking
Bottom of the 8th over - 2 run(s), 2 hit(s), 0 error(s), 0 left on base; Nashville 5 - Greenville 7
TOP OF THE 9TH
Nashville G-Strings batting - Pitching for Greenville 84s : RHP Kenshin Kubota
Pitching: LHP Francisco Ríos
Batting: RHB Vicente Aguirre 0-0: Swinging Strike
0-1: Ball
1-1: Called Strike
1-2: Foul Ball, location: 2F
1-2: Foul Ball, location: 2F
1-2: Strikes out swinging
Batting: RHB António Ortega 0-0: Ground out 5-3 (Groundball, 56)
Batting: SHB Rob Grun 0-0: Ball
1-0: Called Strike
1-1: Swinging Strike
1-2: Foul Ball, location: 2F
1-2: Strikes out swinging
Top of the 9th over - 0 run(s), 0 hit(s), 0 error(s), 0 left on base; Nashville 5 - Greenville 7
Tuesday, August 8th, 2017 - OOTP Baseball 17.12 Build 75